Cogmind - Beta 16 @@@ ROGUE MODE // 2025.11.11 @ 17:43:15 Player: Mozco Result: Self-destructed Performance ------------- Evolutions (2) 1000 Regions Visited (4) 800 Robots Destroyed (17) 85 Value Destroyed (222) 222 Prototype IDs (2) 40 Alien Tech Used (0) 0 Bonus (0) 0 TOTAL SCORE: 2147 Bonus ------- None Cogmind --------- Core Integrity 99/550 Matter 290/300 Energy 100/100 System Corruption 0% Temperature Cool (9) Movement Flying (200) Ox2 Location -8/Materials Parts ------- > --- POWER (1) -------- (None) > --- PROPULSION (6) --- Flight Unit > --- UTILITY (2) ------ Medium Storage Unit Visual Processing Unit > --- WEAPON (2) ------- Mining Claw > --- INVENTORY (10) --- Light Ion Engine Scrap Suit Small Storage Unit Advanced ECM Suite Mining Claw Mining Claw Mining Claw Mining Claw Peak State ------------ > --- POWER ------------ Improved Ion Engine > --- PROPULSION ------- Flight Unit Flight Unit Flight Unit Flight Unit VTOL Module VTOL Module > --- UTILITY ---------- Medium Storage Unit Visual Processing Unit > --- WEAPON ----------- Mining Claw Mining Claw > --- INVENTORY -------- Light Ion Engine Light Treads Scrap Suit Small Storage Unit Mining Claw Mining Claw Mining Claw [Rating: 16] Favorites ----------- Power Ion Engine Engine Ion Engine Propulsion Flight Unit Treads Light Treads Leg Aluminum Leg Flight Unit Flight Unit Utility Visual Processing Unit Storage Small Storage Unit Processor Visual Processing Unit Weapon Mining Claw Slashing Weapon Mining Claw Build | -11 -10 -9 -9 -8 ------- Run | Yrd Mat Mat Min Mat Slots Evolved 4 | . . 2 . 2 Power . | . . . . . Propulsion 4 | . . 2 . 2 Utility . | . . . . . Weapon . | . . . . . Parts Attached 26 | 4 9 5 1 7 Power 5 | 1 2 1 . 1 Engine 5 | 1 2 1 . 1 Core . | . . . . . Reactor . | . . . . . Propulsion 13 | 2 3 4 . 4 Treads 2 | 2 . . . . Leg 1 | . 1 . . . Wheel . | . . . . . Hover . | . . . . . Flight 10 | . 2 4 . 4 Utility 5 | 1 2 . 1 1 Device . | . . . . . Storage 4 | 1 1 . 1 1 Processor 1 | . 1 . . . Hackware . | . . . . . Protection . | . . . . . Artifact . | . . . . . Weapon 3 | . 2 . . 1 Energy Gun . | . . . . . Energy Cannon . | . . . . . Ballistic Gun . | . . . . . Ballistic Cannon . | . . . . . Launcher . | . . . . . Special Weapon . | . . . . . Impact Weapon . | . . . . . Slashing Weapon 3 | . 2 . . 1 Piercing Weapon . | . . . . . Special Melee Weapon . | . . . . . Unidentified Prototypes . | . . . . . Parts Lost 15 | . 1 3 . 11 Power 3 | . . 1 . 2 Propulsion 11 | . 1 2 . 8 Utility . | . . . . . Weapon 1 | . . . . 1 Highest Loss Streak 11 | . 1 3 . 11 To Critical Strikes . | . . . . . Average Backups 6 | . 6 7 8 8 Power 1 | . 1 . 1 1 Propulsion 3 | . 4 3 3 . Utility . | . . . . 2 Weapon 2 | . 1 3 3 3 Tool/Special . | . . . . . Unused Backups 9 | . 3 . . 6 Power 2 | . 1 . . 1 Propulsion 2 | . 2 . . . Utility 2 | . . . . 2 Weapon 3 | . . . . 3 Tool/Special . | . . . . . Average Slot Usage (%) 84 | . 79 93 100 81 Engine 9 | . 10 9 11 8 Treads 9 | . 16 . . 1 Leg 4 | . 7 . . . Flight 20 | . 3 39 44 37 Storage 12 | . 14 11 11 9 Processor 10 | . 10 11 11 9 Slashing Weapon 17 | . 15 22 22 15 Peak Build Rating 16 | 4 10 14 14 16 Average Rating 9 | 2 7 12 13 12 On Entrance 8 | . 4 9 13 14 Avg Prop Armor Cover (%) 16 | . 16 . . . Naked Turns . | . . . . . Heaviest Build 21 | 10 21 16 21 21 Greatest Support 40 | 40 40 16 16 24 Greatest Overweight (x) 3 | . 2 . 1 3 Average Overweight (x) . | . . . . . Largest Inventory Capacity 10 | 8 10 8 10 10 Average Capacity 8 | 6 8 8 8 10 Most Carried 10 | 3 10 8 10 10 Average Carried 6 | 1 6 7 8 9 Final Capacity 10 | 8 8 8 10 10 Final Carried 10 | 3 8 8 10 9 Class Distribution -------------------- 61% | Mutant 38% | Sprinter Dominant Class ---------------- Mutant | -10/Materials Sprinter | -9/Materials Sprinter | -9/Mines Mutant | -8/Materials Resources | -11 -10 -9 -9 -8 ----------- Run | Yrd Mat Mat Min Mat Matter Collected 435 | 220 125 55 . 35 Remotely . | . . . . . Salvage Created 526 | . 187 216 . 123 Parts 29 | . 11 9 . 9 Haulers Intercepted 1 | . 1 . . . Recyclers Shooed 1 | . . 1 . . Parts Field Recycled . | . . . . . Retrieved Matter . | . . . . . Parts Self-Destructed . | . . . . . Prevented . | . . . . . Parts Restored . | . . . . . Kills | -11 -10 -9 -9 -8 ------- Run | Yrd Mat Mat Min Mat Combat Hostiles Destroyed 13 | . 6 4 . 3 Melee 13 | . 6 4 . 3 Classes Destroyed 4 | . 3 1 . . Hauler 1 | . 1 . . . Recycler 3 | . . 2 . 1 Swarmer 10 | . 3 4 . 3 Grunt 3 | . 3 . . . Best Kill Streak 5 | . 4 5 . 3 Combat Bots Only 4 | . 3 4 . 2 Max Kills in Single Turn 1 | . 1 1 . 1 Gunslinging . | . . . . . Exploded . | . . . . . Melee 1 | . 1 1 . 1 Uniques/NPCs Destroyed . | . . . . . Combat | -11 -10 -9 -9 -8 -------- Run | Yrd Mat Mat Min Mat Hostile Shots Fired 201 | . 72 36 . 93 Missed 53 | . 19 8 . 26 Hits 148 | . 53 28 . 67 Projectile 148 | . 53 28 . 67 Critical Strikes 1 | . . . . 1 Damage Taken 1573 | . 477 221 . 875 Core 641 | . 113 77 . 451 Absorbed by Shields . | . . . . . Core Remaining (%) 78 | 100 54 . 80 . Volleys Fired . | . . . . . Largest . | . . . . . Hottest . | . . . . . Shots Fired . | . . . . . Gun . | . . . . . Cannon . | . . . . . Launcher . | . . . . . Special . | . . . . . Kinetic . | . . . . . Thermal . | . . . . . Explosive . | . . . . . Electromagnetic . | . . . . . Robot Hit Streak . | . . . . . Robot Miss Streak . | . . . . . Penetration Max . | . . . . . Secondary Targets . | . . . . . Shots Hit Robots 23 | . 8 9 . 6 Core Hits 16 | 1 7 4 . 4 Critical Kills . | . . . . . Critical Parts Destroyed . | . . . . . Critical Strikes . | . . . . . Melee Attacks 40 | . 11 16 . 13 Impact . | . . . . . Slashing 40 | . 11 16 . 13 Piercing . | . . . . . Sneak Attacks 6 | . 2 3 . 1 Combat Hostiles . | . . . . . Follow-up Attacks 5 | . 1 1 . 3 Damage Inflicted 719 | 4 280 270 . 165 Guns . | . . . . . Cannons . | . . . . . Explosions . | . . . . . Melee 674 | . 239 270 . 165 Ramming 45 | 4 41 . . . Kinetic . | . . . . . Thermal . | . . . . . Explosive . | . . . . . Electromagnetic . | . . . . . Impact . | . . . . . Slashing 674 | . 239 270 . 165 Piercing . | . . . . . Highest Corruption 4 | . 4 . . . Average Corruption 2 | . 2 . . . Corruption Purged . | . . . . . Corruption Blocked . | . . . . . Effects 1 | . 1 . . . Data Loss (minor) 1 | . 1 . . . Overload Shots . | . . . . . Overflow Damage 84 | . 11 69 . 4 Projectiles . | . . . . . Explosions . | . . . . . Melee 84 | . 11 69 . 4 Knockbacks . | . . . . . Impact . | . . . . . Kinetic . | . . . . . Secondary . | . . . . . Self-Inflicted Damage . | . . . . . Shots . | . . . . . Rammed 21 | 5 16 . . . Targets Rammed 27 | 5 22 . . . Kicked 3 | . 3 . . . Crushed 3 | . 3 . . . Highest Temperature 232 | . . . . 232 Average Temperature 96 | . . . . 96 Received Heat Transfer 378 | . 126 . . 252 Siege Activations . | . . . . . Martial Activations . | . . . . . Shielding Activations . | . . . . . Robots Disrupted . | . . . . . Combat Hostiles . | . . . . . Robots Corrupted . | . . . . . Combat Hostiles . | . . . . . Parts Fried . | . . . . . Impact Corruptions . | . . . . . Robots Melted . | . . . . . Combat Hostiles . | . . . . . Parts Melted . | . . . . . Heat Transferred . | . . . . . Parts Sabotaged . | . . . . . Parts Stolen . | . . . . . Parts Stripped . | . . . . . Power Chain Reactions . | . . . . . Alert | -11 -10 -9 -9 -8 ------- Run | Yrd Mat Mat Min Mat Maximum Alert Level . | . . . . . Low Security (%) 100 | 100 100 100 100 100 Level 1 . | . . . . . Level 2 . | . . . . . Level 3 . | . . . . . Level 4 . | . . . . . Level 5 . | . . . . . High Security . | . . . . . Max Security . | . . . . . Peak Influence 82 | . 82 55 7 35 Initial 7 | . . . 7 . Average 23 | . 32 31 1 9 Influence Increases 425 | . 208 121 . 96 Destroy 0b10 Robot/C 260 | . 120 80 . 60 Destroy 0b10 Robot/NC 20 | . 5 10 . 5 Destroy Leader 52 | . 32 10 . 10 Successful Hack 48 | . 36 6 . 6 Partial Spotted 30 | . . 15 . 15 Lose Combat Pursuer 15 | . 15 . . . Influence Decreases 425 | . 208 100 21 96 Entered New Map 14 | . . . 14 . Time Decay 311 | . 198 70 7 36 Lost Part 100 | . 10 30 . 60 Squads Dispatched 4 | . 2 1 . 1 Investigation 1 | . 1 . . . Extermination . | . . . . . Reinforcement 3 | . 1 1 . 1 Assault . | . . . . . Garrison . | . . . . . Intercept . | . . . . . Searches Triggered . | . . . . . Construction Impeded . | . . . . . Haulers Reinforced . | . . . . . Active Scanning Responses . | . . . . . Cargo Convoy Interrupts . | . . . . . Stealth | -11 -10 -9 -9 -8 --------- Run | Yrd Mat Mat Min Mat Distress Signals 2 | . . 1 . 1 Communications Jammed . | . . . . . Distress Signals . | . . . . . Times Spotted 38 | . 8 12 . 18 Peak Tracking Total 13 | . 3 8 . 13 Tactical Retreats 1 | . 1 . . . Traps | -11 -10 -9 -9 -8 ------- Run | Yrd Mat Mat Min Mat Traps Triggered 3 | . 3 . . . Indirectly . | . . . . . Trap Hack Attempts . | . . . . . Triggered . | . . . . . Disarmed . | . . . . . Reprogrammed . | . . . . . Reused . | . . . . . Traps Extracted . | . . . . . Installed . | . . . . . Triggered . | . . . . . Machines | -11 -10 -9 -9 -8 ---------- Run | Yrd Mat Mat Min Mat Machines Disabled . | . . . . . Max in Single Turn . | . . . . . Machines Repaired . | . . . . . Machines Dismantled . | . . . . . Machines Sabotaged . | . . . . . Overloaded Fab Kills . | . . . . . Hacking | -11 -10 -9 -9 -8 --------- Run | Yrd Mat Mat Min Mat Machines Accessed 11 | . 5 4 . 2 Terminals 10 | . 5 3 . 2 Fabricators . | . . . . . Repair Stations . | . . . . . Recycling Units 1 | . . 1 . . Scanalyzers . | . . . . . Garrison Access . | . . . . . Total Hacks 28 | . 13 7 . 8 Successful 12 | . 6 2 . 4 Failed 16 | . 7 5 . 4 Catastrophic 2 | . . 1 . 1 Database Lockouts . | . . . . . Manual 20 | . 10 4 . 6 Terminals 27 | . 13 6 . 8 Fabricators . | . . . . . Repair Stations . | . . . . . Recycling Units 1 | . . 1 . . Scanalyzers . | . . . . . Garrison Access . | . . . . . Terminal Hacks 4 | . 3 . . 1 Robot Analysis 2 | . 2 . . . Prototype ID Bank 1 | . . . . 1 Zone Layout 1 | . 1 . . . Fabricator Hacks . | . . . . . Repair Station Hacks . | . . . . . Recycling Unit Hacks . | . . . . . Scanalyzer . | . . . . . Garrison Access Hacks . | . . . . . Unauthorized Hacks 8 | . 3 2 . 3 Terminals 8 | . 3 2 . 3 Assimilate 2 | . 1 1 . . Botnet 4 | . 1 1 . 2 Operators 2 | . 1 . . 1 Fabricators . | . . . . . Repair Stations . | . . . . . Recycling Units . | . . . . . Scanalyzers . | . . . . . Garrison Access . | . . . . . Data Cores Recovered . | . . . . . Used . | . . . . . Hacking Detections 10 | . 4 4 . 2 Full Trace Events . | . . . . . Feedback Events . | . . . . . Feedback Blocked . | . . . . . Robot Schematics Acquired . | . . . . . Robots Built . | . . . . . Authchips . | . . . . . Time . | . . . . . Total Robot Build Rating . | . . . . . Part Schematics Acquired . | . . . . . Parts Built . | . . . . . Authchips . | . . . . . Time . | . . . . . Total Part Build Rating . | . . . . . Part Studies Acquired . | . . . . . Parts Repaired . | . . . . . Time . | . . . . . Parts Recycled . | . . . . . Recycled Matter . | . . . . . Retrieved Matter . | . . . . . Retrieved Components . | . . . . . Parts Scanalyzed . | . . . . . Part Schematics Acquired . | . . . . . Parts Damaged . | . . . . . Bothacking | -11 -10 -9 -9 -8 ------------ Run | Yrd Mat Mat Min Mat Used RIF Installer . | . . . . . Robots Hacked . | . . . . . Non-combat . | . . . . . Combat . | . . . . . Robot Hacks Applied . | . . . . . Relay Couplers Released . | . . . . . Fabnet Peak Effective % . | . . . . . Robots Rewired . | . . . . . Allies Hacked . | . . . . . Hacks Repelled . | . . . . . Allies | -11 -10 -9 -9 -8 -------- Run | Yrd Mat Mat Min Mat Total Allies 1 | . . 1 . . Largest Group 1 | . . 1 . . Highest-Rated Group 10 | . . 10 . . Highest-Rated Ally 10 | . . 10 . . Total Orders . | . . . . . Ally Attacks . | . . . . . Total Damage . | . . . . . Kills . | . . . . . Allies Corrupted . | . . . . . Allies Melted . | . . . . . Intel | -11 -10 -9 -9 -8 ------- Run | Yrd Mat Mat Min Mat Active Infowar (turns) 710 | . 331 161 71 147 Optics 710 | . 331 161 71 147 Robot Analysis Total 2 | . 2 . . . Derelict Logs Recovered 1 | . . . 1 . Drone Launches . | . . . . . Drone Recoveries . | . . . . . Exploration | -11 -10 -9 -9 -8 ------------- Run | Yrd Mat Mat Min Mat Turns Passed 914 | 82 453 161 71 147 Spaces Moved 1052 | 48 290 276 190 248 Core 10 | 10 . . . . Treads 90 | 38 52 . . . Legs 119 | . 119 . . . Wheels . | . . . . . Hover . | . . . . . Flight 833 | . 119 276 190 248 Fastest Speed 23 | 50 32 26 28 23 Average Speed 61 | 137 118 27 33 39 Slowest Speed 280 | 160 260 30 108 280 Overloaded Moves . | . . . . . Propulsion Burnouts . | . . . . . Robots Hopped 6 | . 4 1 . 1 Potential Cave-ins . | . . . . . Cave-ins Triggered . | . . . . . Exploration Rate (%) 31 | 4 45 31 49 28 Regions Visited 4 Branch Regions 1 Pre-discovered Areas . | . . . . . Known Exits Taken 1 | . . . 1 . Unknown Exits Taken 3 | 1 1 1 . . Scrap Searched 2 | . . . 2 . Spaces Dug . | . . . . . Terrain Destroyed . | . . . . . Melee . | . . . . . Projectile . | . . . . . AOE . | . . . . . Terrain Rammed . | . . . . . Walls Destroyed . | . . . . . Machines Disabled . | . . . . . Actions | -11 -10 -9 -9 -8 --------- Run | Yrd Mat Mat Min Mat Total 1223 | 59 366 328 197 273 Wait 43 | . 14 26 . 3 Move 1036 | 47 281 273 189 246 Hop 6 | . 4 1 . 1 Pick Up 24 | 3 11 4 4 2 Fast Attach 15 | 4 6 2 . 3 Attach 11 | . 2 5 . 4 Detach 4 | . 3 . . 1 Swap 8 | . 5 . 1 2 Drop 14 | . 8 2 3 1 Fire . | . . . . . Melee 35 | . 10 15 . 10 Ram . | . . . . . Kick 3 | . 3 . . . Crush 24 | 5 19 . . . Escape Stasis . | . . . . . Rewire . | . . . . . Trap . | . . . . . Miscellaneous . | . . . . . Route ------- -11/Scrapyard -10/Materials (discovered 3 exits: *Mat / [Min] / [*Sub]) -9/Materials (discovered 2 exits: [*Min x2]) -9/Mines -8/Materials History --------- Turn | Location | Event 8 | -11/Scrapyard | Discovered new exit (range 16) 83 | -11/Scrapyard | Entered Materials 214 | -10/Materials | Discovered new exit (range 15) 233 | -10/Materials | Discovered new exit (range 18) 399 | -10/Materials | Discovered new exit (range 12) 536 | -10/Materials | Entered another Materials area 536 | -9/Materials | Evolved 2 slots: Propulsion x2 624 | -9/Materials | Lost 3 parts (1p2n) 645 | -9/Materials | Discovered new exit (range 8) 667 | -9/Materials | Discovered new exit (range 9) 697 | -9/Materials | Entered Mines 699 | -9/Mines | Identified exit to Materials 751 | -9/Mines | Found a Scrap Suit stashed away for nefarious purposes 754 | -9/Mines | Found Scrap Suit 768 | -9/Mines | Entered Materials 768 | -8/Materials | Evolved 2 slots: Propulsion x2 905 | -8/Materials | Core integrity fell below 50% 915 | -8/Materials | Self-destructed Last Messages --------------- 00854_ Acquired Flight Unit. 00856_ Imp. Ion Engine destroyed. 00857_ Acquired Flight Unit. 00859_ Acquired Lgt. Ion Engine. 00859_ Flight Unit destroyed. 00861_ Acquired 23 matter. 00877_ O-16 Technician: "IFF HANDSHAKE FAILED. SECURING TERMINAL." 00878_ K-01 Serf collects debris. 00879_ O-16 Technician uses terminal to summon reinforcements. 00879_ ALERT: Hostiles spotted, dispatching reinforcements to Terminal M001. 00879_ O-16 Technician locks terminal. 00884_ Flight Unit destroyed. 00887_ Dropped Med. Storage Unit. 00897_ K-01 Serf cleans the Garrison Access. 00898_ Flight Unit destroyed. 00903_ K-01 Serf cleans the Terminal. 00908_ Lgt. Ion Engine destroyed. 00909_ Y-45 Defender suffers critical hit (Burn). 00914_ Critical hit (Burn: +37). Map ----- +----------------------------------------------------+ | ???########## #????????????????????? | | ???# # #????????????????????? | | ???# ## #????????????????????? | | ???# """ ## """ ! #????????????????????? | | ???#""""" ## """ ###+####?????????????? | | ???#""""" ## """ T #?????????????? | | ???#""""" # #?????????????? | | #### """ # o #?????????????? | | / ! / """ #?????????????? | | =*## # """ #?????????????? | | [%########### """ a =! ###?????????????? | | != !! #???????????????? | | ! ##??????????????? | | """ #"T"##YYYg #?########?????? | | !!! """ ########## gg w#? #?????? | | !!= """ #?????? + a """ # """ #?????? | | !!= #????????#^ g""" # """ #?????? | | #????????# """g + """ #?????? | | #????????# g g# #?????? | | ####### #????????# # """ #?????? | | ?###### #????????+ !] # "G #?????? | | ?# ### ###????????# !] g / """ =#?????? | | ?# #?# #??????????+ ]] #?? #?????? | | ?# #?# #??????????# #??###+###?????? | | ## #?# #??????????# #??????????????? | | ## #?# #??????????#+##@#########??????????????? | | ## #?# #???????????? ?????????????????????? | | ## #?# #??????????# ???????????????????? | | ## #?# #??????????# #?????????????????? | | + ### ##?????????# """ #?????????????????? | | ###+### #?????????# """ [[ #?????????????????? | | #?????????# """ [ #?????????????????? | | ### #?????????# #?????????????????? | | #?## ##?????????# #?????????????????? | | #??# #??????????###########?????????????????? | | ###??# #??????????????????????????????????????? | | #???? ??????????????????????????????????????? | | " #???? ??????????????????????????????????????? | | #???? ??????????????????????????????????????? | | #????#+##?????????????????????????????????????? | | # #?????????????????????????????????????????????? | | # #?????????????????????????????????????????????? | | # #?????????????????????????????????????????????? | | # #?????????????????????????????????????????????? | | # #?????????????????????????????????????????????? | | # ##????????????????????????????????????????????? | | # #????????????????????????????????????????????? | | + #????????????????????????????????????????????? | | # #????????????????????????????????????????????? | | # #????????????????????????????????????????????? | +----------------------------------------------------+ Best States ------------- Heat Dissipation 31 Energy Generation 12 Energy Capacity 265 Matter Stores 300 Matter Capacity 300 Sight Range 18 Terrain Scan Density 10 Evasion (%) 65 Recoil Reduction 2 Item Schematics ----------------- None Robot Schematics ------------------ None Fabricated ------------ Nothing Repaired ---------- Nothing Studied --------- None Alien Tech Used ----------------- None Achievements -------------- None Challenges ------------ None Game ------ Seed CobblerBeamShell Manual? 0 Play Time 00:16:31 Cumulative 254.1 hours Start 2025.11.11 @ 17:27:02 End 2025.11.11 @ 17:43:15 Sessions 1 Manual Loads 0 Difficulty Rogue Special Mode None Game No. 256 Rogue 252 Adventurer 3 Explorer 1 Win Type - Total 1 Types 1/0/0/0/0/0/0/0/0/0 Lore% 77 Gallery% 75 Achievement% 59 Wizard Run 0 Options --------- Layout 0 ASCII 0 Keyboard 0 Movement Mouse Keybinds 0 Fullscreen 2 Font 18/SmallcapsGlow Map View 76x50 Zoom Use 0% Tactical HUD 1 Map Filters NONE Filters NONE Steam 1 RUN: 0c326ddd-b113-419b-99a4-c4c42b6cb156